 Dungeon Crawl Stone Soup version bcrawl-1.37.1 (webtiles) character file.

Game seed: 2079551852249325027

182574 Mehrunes the Conjurer (level 8, -1/57 (58) HPs)
             Began as a Demonspawn Fire Elementalist on Oct 23, 2022.
             Was a Believer of Sif Muna.
             Slain by a slave (6 damage)
             ... led by Pikel
             ... on level 5 of the Dungeon.
             The game lasted 00:25:15 (7412 turns).

Mehrunes the Conjurer (DsFE)                        Turns: 7412, Time: 00:25:16

HP:   -1/57 (58)    AC:  2    Str: 11    XL:     8   Next: 48%
MP:   14/14         EV: 13    Int: 22    God:    Sif Muna [**....]
Gold: 341           SH:  4    Dex: 13    Spells: 1/15 levels left

rFire    + . .     GDR:     25% t - +0 spear (venom)
rCold    . . .     SeeInvis .   (no shield)
rNeg     + . .     Gourm    .   a - +0 robe
rPois    .         Faith    .   (helmet restricted)
rElec    .         Spirit   .   (no cloak)
rCorr    .         Reflect  +   (no gloves)
MR       .....                  (no boots)
Stlth    ++........             C - +4 amulet of reflection
HPRegen  0.19/turn              D - +5 ring of intelligence
MPRegen  0.14/turn              y - ring of positive energy

@: about to teleport
A: antennae 1, claws 1, hooves 1, fire resistance 1, powered by pain 1, flame
cloud immunity
a: Divine Energy, Renounce Religion


You were on level 5 of the Dungeon.
You worshipped Sif Muna.
Sif Muna was pleased with you.
You were hungry.

You visited 1 branch of the dungeon, and saw 6 of its levels.

You collected 341 gold pieces.

Inventory:

Hand Weapons
 f - a +0 club
 g - a +0 whip
 h - a +0 dagger
 l - a +0 dagger of holy wrath
 m - a +0 hunting sling
 q - a +0 short sword of protection
 s - a +2 quarterstaff of crushing
 t - a +0 spear of venom (weapon)
 x - a +0 blowgun
 E - the +12 hunting sling "Noiwkia" {velocity, rPois, unknown}
   (You found it on level 5 of the Dungeon)

   Any stone fired from it inflicts extra damage.
   It protects you from poison.
Missiles
 b - 105 poisoned tomahawks (quivered)
 d - 796 stones
 A - a throwing net {=f}
 B - 177 poisoned needles
Armour
 a - a +0 robe (worn)
 u - a +1 ring mail of magic resistance
Jewellery
 r - an uncursed ring of see invisible
 y - a ring of positive energy (right claw)
 C - a +4 amulet of reflection (around neck)
 D - a +5 ring of intelligence (left claw)
 G - a +5 ring of strength {unknown}
Wands
 c - a wand of flame (4)
Scrolls
 i - a scroll of identify
 o - a scroll of fog {unknown}
 p - a scroll of fear {unknown}
 v - a scroll of remove curse
 w - a scroll of enchant armour {unknown}
 z - a scroll of teleportation
Potions
 j - 2 potions of curing
 k - 2 potions of might {unknown}
 n - a potion of mutation {unknown}
Comestibles
 e - 11 rations {!d}


   Skills:
 - Level 3.0 Fighting
 - Level 3.0 Polearms
 - Level 4.0 Dodging
 - Level 2.0 Stealth
 - Level 4.0 Spellcasting
 + Level 5.5 Conjurations
 + Level 5.4 Fire Magic


You had one spell level left.
You knew the following spells:

 Your Spells              Type           Power        Failure   Level  Hunger
a - Flame Tongue          Conj/Fire      ####.        1%          1    None
b - Conjure Flame         Conj/Fire      ####....     3%          3    ###....
c - Sticky Flame          Conj/Fire      ####....     12%         4    #####..
d - Fireball              Conj/Fire      ####......   32%         5    ######.
e - Summon Small Mammal   Summ           #...         11%         1    None

Your spell library contained the following spells:

 Spells                   Type           Power        Failure   Level  Hunger
 Blink Other              Tloc           #.....       11%         1    None
 Corona                   Hex            #......      11%         1    None
 Sandblast                Erth           #.....       11%         1    None
 Static Discharge         Air            #.....       11%         1    None
 Flaming Arrows           Chrm/Fire      ###.....     5%          2    None
 Inner Flame              Hex/Fire       N/A          11%         3    ###....


Dungeon Overview and Level Annotations

Branches:
Dungeon (6/12)             Temple (0/1) D:4

Altars:
Ashenzari
Kikubaaqudgha
Makhleb
Sif Muna
Xom
Yredelemnul

Shops:
D:4 *

Annotations:
D:4 1 runed translucent door, Morbidden's ghost, amateur VSAc
D:6 Pikel


Innate Abilities, Weirdness & Mutations

You have a pair of small antennae on your head.
You have sharp fingernails.
You have large cloven feet.
Your flesh is heat resistant. (rF+)
You sometimes gain a little power by taking damage.
You are immune to clouds of flame.


Message History

The slave closely misses you. The necrophage barely misses you.
The slave misses you. The slave hits you but does no damage.
As you read the scroll labeled QIOJIA ZECAIW, it crumbles to dust.
You feel strangely unstable.
It was a scroll of teleportation.
The slave hits you. The necrophage hits you.
You feel your flesh rotting away! The slave hits you! The slave hits you.
You closely miss the slave. You kick the slave.
The slave is lightly wounded.
The slave misses you. The necrophage hits you. The slave hits you!
* * * LOW HITPOINT WARNING * * *
The slave closely misses you.
You hit the slave.
The slave is poisoned.
Your kick misses the slave.
The slave is moderately wounded.
The slave hits you.
* * * LOW HITPOINT WARNING * * *
The necrophage closely misses you. The slave hits you.
* * * LOW HITPOINT WARNING * * *
The slave barely misses you. The slave hits you.
You die...

##.## #...# #........ ##...####
#...# #..##.##. ###.......# #...#
#..##.##. .##..#....#
#####...#####..##....
.##...###.###...........#..####..
......# #.#...........#....####..
.##...# #≈###...........##.......
.##...# #≈# #####p..#########....
###...# #≈# #@p...# #.#.# #...#
#.# #pn...# #.#.# ##..###.#
#.....# #.#<. #####.....#
##...##### #.##. ...###.####
##.##...# #.##. ##.# #.#
###.##...### #....
##.###.#########..........######.
.......##......#.##..........# #.
##.######.###.)...........##.####


You could see 3 slaves and a necrophage.

Vanquished Creatures
  An orc warrior (D:5)
  An ice beast (D:5)
  A phantom (D:5)
  3 sky beasts (D:5)
  A kobold brigand (D:4)
  A centaur (D:5)
  An orc priest (D:3)
  2 crimson imps
  A quasit (D:5)
  2 hounds (D:4)
  4 iguanas
  5 orc wizards
  5 worker ants
  8 adders
  2 oozes
  An adder skeleton (D:5)
  An adder zombie (D:5)
  3 worms
  8 dart slugs
  4 leopard geckos
  14 orcs
  3 ball pythons
  3 giant cockroaches
  3 goblins
  9 hobgoblins
  5 jackals
  6 quokkas
  5 bats
  3 frilled lizards
  A jackal skeleton (D:3)
  27 kobolds
  A rat (D:1)
  A plant (D:4)
136 creatures vanquished.

Vanquished Creatures (others)
  3 plants (D:4)
3 creatures vanquished.

Grand Total: 139 creatures vanquished

Notes
Turn   | Place    | Note
-------+----------+-------------------------------------------
     0 | D:1      | Mehrunes the Demonspawn Fire Elementalist began the quest
                  | for the Orb.
     0 | D:1      | Reached XP level 1. HP: 13/13 MP: 3/3
   178 | D:1      | Gained mutation: Your flesh is heat resistant. (rF+)
                  | [demonic ancestry]
   178 | D:1      | Reached XP level 2. HP: 8/19 MP: 1/5
   701 | D:1      | Gained mutation: You have large cloven feet. [demonic
                  | ancestry]
   701 | D:1      | Reached XP level 3. HP: 24/24 MP: 4/6
  1133 | D:2      | Noticed a sky beast
  1547 | D:2      | Found a basalt altar of Yredelemnul.
  1707 | D:2      | Learned a level 3 spell: Conjure Flame
  2432 | D:3      | Gained mutation: You have a pair of small antennae on your
                  | head. [demonic ancestry]
  2432 | D:3      | Reached XP level 4. HP: 30/30 MP: 3/7
  3073 | D:3      | Found a shimmering blue altar of Sif Muna.
  3087 | D:3      | Gained mutation: You are immune to clouds of flame.
                  | [demonic ancestry]
  3087 | D:3      | Reached XP level 5. HP: 28/35 MP: 1/8
  3096 | D:3      | Reached skill level 1 in Fighting
  3102 | D:3      | Became a worshipper of Sif Muna the Loreminder
  3405 | D:3      | HP: 1/38 [iguana (8)]
  3930 | D:3      | Gained mutation: You have sharp fingernails. [demonic
                  | ancestry]
  3930 | D:3      | Reached XP level 6. HP: 46/46 MP: 6/9
  4374 | D:3      | Found an ancient bone altar of Kikubaaqudgha.
  4621 | D:4      | Found a glowing silver altar of Zin.
  4830 | D:4      | Reached skill level 1 in Polearms
  4830 | D:4      | Gained mutation: You sometimes gain a little power by
                  | taking damage. [demonic ancestry]
  4830 | D:4      | Reached XP level 7. HP: 42/52 MP: 3/10
  4868 | D:4      | Found a staircase to the Ecumenical Temple.
  5008 | D:4      | Found a burning altar of Makhleb.
  5009 | D:4      | Found a shimmering altar of Xom.
  5239 | D:4      | Found Tagh's General Store.
  5531 | D:4      | Reached * piety under Sif Muna
  5592 | D:4      | Identified Sif Muna's First Steps in Magic (Sif Muna gifted
                  | it to you on level 4 of the Dungeon)
  5592 | D:4      | Received a gift from Sif Muna
  5602 | D:4      | Learned a level 4 spell: Sticky Flame
  5792 | D:4      | Found a runed translucent door.
  5794 | D:4      | Noticed Morbidden's ghost (amateur VSAc)
  6031 | D:5      | Entered Level 5 of the Dungeon
  6463 | D:5      | Reached XP level 8. HP: 58/58 MP: 10/14
  6484 | D:5      | Reached ** piety under Sif Muna
  6564 | D:5      | Learned a level 5 spell: Fireball
  6566 | D:5      | Learned a level 1 spell: Summon Small Mammal
  6582 | D:5      | Got a shimmering hunting sling
  6731 | D:5      | Found a shattered altar of Ashenzari.
  6754 | D:5      | Reached skill level 5 in Conjurations
  6754 | D:5      | Reached skill level 5 in Fire Magic
  7289 | D:6      | Noticed Pikel
  7412 | D:5      | Slain by a slave

Skill      XL: |  1  2  3  4  5  6  7  8 |
---------------+-------------------------+-----
Fire Magic     | 3 4 5 |  5.4
Conjurations   | 2 3 4 5 |  5.5
Fighting       | 2 3 |  3.0
Dodging        | 4 |  4.0
Polearms       | 1 3 |  3.0
Spellcasting   | 4 |  4.0
Stealth        | |  2.0

Action                   |  1- 3 |  4- 6 |  7- 9 || total
-------------------------+-------+-------+-------++-------
Melee: Unarmed           |    16 |       |       ||    16
       Club              |    11 |       |       ||    11
       Dagger            |     9 |       |       ||     9
       Whip              |    12 |    25 |       ||    37
       Kick              |     1 |    24 |    12 ||    37
       Short sword       |       |    32 |       ||    32
       Spear             |       |    64 |   125 ||   189
 Fire: Hunting sling     |    10 |       |       ||    10
Throw: Tomahawk          |     4 |       |       ||     4
       Stone             |     2 |       |       ||     2
 Cast: Flame Tongue      |    78 |   108 |    89 ||   275
       Conjure Flame     |     2 |    12 |    19 ||    33
       Sticky Flame      |       |       |     2 ||     2
Invok: Divine Energy     |       |    13 |     8 ||    21
       Stop Divine Energ |       |     1 |       ||     1
  Use: Potion            |       |     1 |       ||     1
       Scroll            |       |       |     2 ||     2
 Stab: Sleeping          |       |     1 |     1 ||     2
  Eat: Chunk             |     3 |    13 |    14 ||    30
       Ration            |     1 |     1 |     1 ||     3
Armor: Robe              |    25 |    26 |    17 ||    68
Dodge: Dodged            |    91 |    92 |    73 ||   256
Block: Other             |       |       |     9 ||     9
